 Dungeon Crawl Stone Soup version 0.25.1-8-g42b30a86e7 (webtiles) character file.

Game seed: 14850876004796140641

3724 hawla the Severer (level 9, -4/106 HPs)
             Began as a Minotaur Gladiator on Dec 13, 2020.
             Slain by an anaconda (6 damage)
             ... on level 7 of the Dungeon.
             The game lasted 00:14:50 (6913 turns).

hawla the Severer (Minotaur Gladiator)              Turns: 6913, Time: 00:14:51

Health: -4/106     AC: 24    Str: 22    XL:     9   Next: 92%
Magic:  8/8        EV: -1    Int:  7    God:
Gold:   436        SH:  0    Dex: 12    Spells: 8/8 levels left

rFire    . . .     SeeInvis .   a - +1 war axe
rCold    . . .     Gourm    .   (no shield)
rNeg     + + +     Faith    .   (armour currently unavailable)
rPois    +         Spirit   .   (helmet unavailable)
rElec    .         Reflect  .   (cloak currently unavailable)
rCorr    .         Harm     .   (gloves currently unavailable)
MR       .....     NoTele   +   (boots currently unavailable)
Stlth    +.........             (no amulet)
HPRegen  0.27/turn              q - +4 ring of evasion
MPRegen  0.11/turn              s - ring of poison resistance

@: mighty, brilliant, tree-form, hasted, constricted, very quick
A: (retaliatory headbutt), clever 1, wild magic 1
a: no special abilities


You were on level 7 of the Dungeon.
You were not hungry.
You were a tree.
You visited 1 branch of the dungeon, and saw 7 of its levels.

You collected 436 gold pieces.

Inventory:

Hand Weapons
 a - a +1 war axe (weapon)
 p - a +2 flail of protection
 u - a +2 dagger of distortion
Missiles
 d - 2 throwing nets
 C - 14 poisoned darts (quivered)
 H - 6 boomerangs
Armour
 c - a +0 hat
 m - a +0 robe of cold resistance
 n - a scarf of harm (melded)
 A - a +0 chain mail (melded)
Jewellery
 q - a +4 ring of evasion (left branch)
 r - an uncursed ring of stealth
 s - a ring of poison resistance (right branch)
 t - an uncursed ring of wizardry
Wands
 i - a wand of digging (4)
 w - a wand of iceblast (25)
 z - a wand of enslavement (7)
 F - a wand of polymorph (9)
Scrolls
 b - 3 scrolls of enchant armour {unknown}
 g - 9 scrolls of teleportation
 h - 4 scrolls of enchant weapon
 k - a scroll of magic mapping
 x - a scroll of blinking {unknown}
 y - 4 scrolls of remove curse
 G - a scroll of identify
Potions
 e - a potion of lignification
 j - 2 potions of stabbing
 l - 4 potions of curing
 o - a potion of resistance
 v - a potion of might
 E - a potion of ambrosia {unknown}
Comestibles
 f - 14 rations


   Skills:
 + Level 3.9 Fighting
 - Level 16.0 Axes
 - Level 2.0 Throwing
 - Level 3.2 Dodging


You had 8 spell levels left.
You didn't know any spells.
Your spell library contained the following spells:

 Spells                   Type           Power        Failure   Level  Hunger
 Sting                    Tmut/Pois      #...         52%         1    None
 Poisonous Vapours        Pois/Air       #.....       65%         2    None
 Ignite Poison            Fire/Tmut/Pois #.......     86%         3    None
 Mephitic Cloud           Conj/Pois/Air  #.......     86%         3    None
 Olgreb's Toxic Radiance  Pois           #.......     99%         4    None
 Bolt of Magma            Conj/Fire/Erth #.........   100%        5    None
 Iskenderun's Battlesphe  Conj/Chrm      #.......     100%        5    None
 Iron Shot                Conj/Erth      #.........   100%        6    None
 Orb of Destruction       Conj           #.........   100%        7    None
 Spellforged Servitor     Conj/Summ      #.........   100%        7    None


Dungeon Overview and Level Annotations

Branches:
Dungeon (7/15)
 Temple: D:4-7

Altars:
Wu Jian

Annotations:
D:7 1 runed translucent door


Innate Abilities, Weirdness & Mutations

((You reflexively headbutt those who attack you in melee.))
((You have a pair of large horns on your head.))
((You have a beak for a mouth.))
Your mind is acute. (Int +2)
Your spells are a little harder to cast, but a little more powerful.


Message History

You hit the anaconda.
The anaconda is heavily wounded.
The anaconda bites you but does no damage.
The anaconda constricts you.
You hit the anaconda.
The anaconda is heavily wounded.
The anaconda bites you but does no damage.
* * * LOW HITPOINT WARNING * * *
The anaconda constricts you.
You feel very mighty all of a sudden. The anaconda bites you.
* * * LOW HITPOINT WARNING * * *
The anaconda constricts you.
You feel better. The anaconda bites you.
* * * LOW HITPOINT WARNING * * *
x2 The anaconda constricts you.
You closely miss the anaconda.
The anaconda is heavily wounded.
The anaconda bites you.
You die...

..#.#.##..###...##...####..##....
....##....+.....##.#...######....
....####..###..(##.#.#...####.###
....# ###..###.##.#.#.#...##p...
....# ###..####.#.#...####....
..#.# ###..##.#...###.......
..#.# #####...###.....#... ..#.#
:)######..###...#####... ....#
#oSSDsSā™£###....#........ #...#
)Z#######......#........ #...#
###.........#........ +.#.#
###...#.......#...##### ###.#
###.....##......#####
#.#####.....>..#......#
#..............#[.....#
###............#......#
########+#####))....#


You could see an anaconda, an acid dragon, a scorpion, 2 adders, an orc and a
wyvern skeleton.

Vanquished Creatures
  The ghost of hehateme the Thrower, a novice KoBe of Trog (D:6)
  Pikel (D:7)
  A slime creature (D:7)
  A yak (D:7)
  Menkaure (D:4)
  An ice beast (D:7)
  An orc warrior (D:7)
  A phantom (D:7)
  A sky beast (D:6)
  A slave (D:7)
  An ogre (D:4)
  4 centaurs
  A big kobold (D:6)
  2 bullfrogs (D:7)
  A wyvern zombie (D:7)
  2 scorpions
  6 killer bees (D:7)
  2 howler monkeys (D:6)
  2 crimson imps
  4 orc priests
  4 hounds
  4 orc wizards
  A bullfrog skeleton (D:5)
  Terence (D:2)
  An iguana (D:7)
  5 worker ants
  3 gnolls (D:6)
  7 adders
  2 howler monkey skeletons
  2 shadow imps
  An ooze (D:1)
  3 adder skeletons
  3 worms
  6 leopard geckos
  18 orcs
  7 giant cockroaches
  11 goblins
  6 hobgoblins
  11 jackals
  3 quokkas
  6 bats
  2 frilled lizards
  6 kobolds
  8 rats
156 creatures vanquished.

Vanquished Creatures (others)
  A slave (D:7)
1 creature vanquished.

Grand Total: 157 creatures vanquished

Notes
Turn   | Place    | Note
-------+----------+-------------------------------------------
     0 | D:1      | hawla the Minotaur Gladiator began the quest for the Orb.
     0 | D:1      | Reached XP level 1. HP: 18/18 MP: 0/0
    26 | D:1      | Reached skill level 4 in Axes
   119 | D:1      | Reached XP level 2. HP: 25/25 MP: 1/1
   471 | D:2      | Reached skill level 5 in Axes
   673 | D:2      | Reached XP level 3. HP: 18/30 MP: 2/2
  1180 | D:2      | Reached skill level 6 in Axes
  1180 | D:2      | Reached XP level 4. HP: 4/37 MP: 3/3
  1482 | D:2      | Noticed Terence
  1492 | D:2      | Gained mutation: Your body sometimes deteriorates upon
                  | taking damage. [potion of mutation]
  1492 | D:2      | Gained mutation: You have a beak for a mouth. [potion of
                  | mutation]
  1496 | D:2      | Killed Terence
  1496 | D:2      | Reached skill level 7 in Axes
  1496 | D:2      | Reached XP level 5. HP: 17/42 MP: 4/4
  1944 | D:3      | Noticed a centaur
  1947 | D:3      | Killed a centaur
  1962 | D:3      | Reached skill level 8 in Axes
  2327 | D:3      | Reached XP level 6. HP: 40/50 MP: 5/5
  2923 | D:4      | Noticed Menkaure
  2928 | D:4      | Killed Menkaure
  2928 | D:4      | Reached skill level 9 in Axes
  3235 | D:4      | Reached XP level 7. HP: 36/56 MP: 6/6
  3397 | D:4      | Reached skill level 10 in Axes
  3672 | D:5      | Entered Level 5 of the Dungeon
  3693 | D:5      | HP: 1/56 [centaur/arrow (9)]
  4065 | D:5      | Lost mutation: Your body sometimes deteriorates upon taking
                  | damage. [potion of mutation]
  4065 | D:5      | Gained mutation: You have a pair of large horns on your
                  | head. [potion of mutation]
  4065 | D:5      | Gained mutation: Your spells are a little harder to cast,
                  | but a little more powerful. [potion of mutation]
  4065 | D:5      | Gained mutation: Your mind is acute. (Int +2) [potion of
                  | mutation]
  4313 | D:5      | Found an ornate altar of the Wu Jian Council.
  4332 | D:5      | Got a masterwork leather armour
  4343 | D:5      | Identified the +2 leather armour "Tod Vuom" {Harm *Slow
                  | rPois} (You found it on level 5 of the Dungeon)
  4378 | D:6      | Reached skill level 11 in Axes
  4544 | D:6      | Reached XP level 8. HP: 60/62 MP: 7/7
  4638 | D:6      | Reached skill level 12 in Axes
  4750 | D:6      | Found a runed translucent door.
  4751 | D:6      | Noticed hehateme's ghost (novice KoBe)
  4769 | D:6      | Killed hehateme's ghost
  4769 | D:6      | Reached skill level 13 in Axes
  5278 | D:7      | Reached XP level 9. HP: 53/68 MP: 8/8
  5280 | D:7      | Reached skill level 14 in Axes
  5530 | D:7      | Noticed Pikel
  5542 | D:7      | Killed Pikel
  5832 | D:7      | Reached skill level 15 in Axes
  6560 | D:7      | Found a runed translucent door.
  6592 | D:7      | Reached skill level 16 in Axes
  6882 | D:7      | Noticed a two-headed ogre
  6895 | D:7      | Noticed an anaconda
  6895 | D:7      | a two-headed ogre changed into an anaconda
  6911 | D:7      | HP: 4/106 [anaconda (6)]
  6913 | D:7      | Slain by an anaconda

Illustrated notes

Levels and vault maps discovered:
D:1:      dpeg_arrival_shrine, layout_rooms, minmay_worlds_worst_comb
D:2:      layout_basic, first_ration, uniq_terence
D:3:      layout_loops_ring, guppyfry_early_orc_mine
D:4:      layout_loops_ring, bh_chokoban, uniq_menkaure
D:5:      layout_rooms, kennysheep_mini
D:6:      layout_cave_pools, gammafunk_ghost_grave, minmay_misc_feat_enclosed,
          moated_statue, minmay_misc_feat_encased
D:7:      minmay_the_grid_triangle_9x9_rhombus_full
          [minmay_the_grid_triangle_9x9_alien,
          minmay_the_grid_triangle_9x9_longest,
          minmay_the_grid_triangle_9x9_swiss_cheese,
          minmay_the_grid_triangle_9x9_pentomino_pain,
          minmay_the_grid_triangle_9x9_negative_grid,
          minmay_the_grid_triangle_9x9_steps,
          minmay_the_grid_triangle_9x9_subtriangle,
          minmay_the_grid_triangle_9x9_prize_center], layout_gridville,
          minmay_temple_entry_enclosed_plants, uniq_pikel

Skill      XL: |  1  2  3  4  5  6  7  8  9 |
---------------+----------------------------+-----
Axes           | 4 5 6 7 8 9 11 13 16 | 16.0
Fighting       | 3 |  3.9
Throwing       | |  2.0
Dodging        | |  3.2

Action                   |  1- 3 |  4- 6 |  7- 9 || total
-------------------------+-------+-------+-------++-------
Melee: War axe           |    62 |    90 |   175 ||   327
       Headbutt          |     4 |    12 |    31 ||    47
       Peck              |       |     7 |    27 ||    34
       Flail             |       |       |    18 ||    18
Throw: Dart              |       |       |     2 ||     2
       Throwing net      |       |       |     1 ||     1
Evoke: Wand              |       |       |     3 ||     3
  Use: Potion            |       |     3 |    15 ||    18
       Scroll            |       |     5 |     7 ||    12
 Stab: Sleeping          |       |     2 |       ||     2
  Eat: Chunk             |     1 |     6 |     8 ||    15
       Ration            |       |       |     1 ||     1
Armor: Leather armour    |    16 |     9 |       ||    25
       Skin              |       |     3 |    28 ||    31
       Chain mail        |       |       |    68 ||    68
Dodge: Dodged            |    37 |    69 |   104 ||   210
